 Dungeon Sprint DCSS version 0.30-a0-122-g2a1322497e (webtiles) character file.

Game seed: 2180088434713239368

1856 jt the Unseen (level 9, -1/60 HPs)
             Began as a Kobold Hedge Wizard on Sept 16, 2022.
             Was a Priest of Dithmenos.
             Slain by an orc warrior
             ... wielding a +0 flail
              (10 damage)
             ... in the Dungeon (Sprint III: "The Ten Rune Challenge").
             The game lasted 00:08:19 (833 turns).

jt the Unseen (Kobold Hedge Wizard)                  Turns: 833, Time: 00:08:19

Health: -1/60      AC:  4    Str:  7    XL:     9   Next: 34%
Magic:  9/20       EV: 15    Int: 18    God:    Dithmenos [***...]
Gold:   43         SH:  0    Dex: 16    Spells: 12/22 levels left

rFire   + . .      SeeInvis .    a - +0 dagger
rCold   . . .      Faith    .    (no shield)
rNeg    . . .      Spirit   .    b - +0 robe
rPois   .          Reflect  .    c - +0 hat
rElec   .          Harm     .    (no cloak)
rCorr   .          Rampage  .    (no gloves)
Will    .....      NoTele   +    (no boots)
Stlth   +++++++++.               (no amulet)
HPRegen 0.20/turn                (no ring)
MPRegen 0.17/turn                (no ring)

@: silenced, flying (expiring), hasted, wreathed by umbra, very quick
A: small, no large weapons, nightstalker 3, iridescent scales 1, fire resistance
1
a: Renounce Religion


You were in the Dungeon.
You worshipped Dithmenos.
Dithmenos was most pleased with you.
You visited 1 branch You collected 43 gold pieces.

Inventory:

Hand Weapons
 a - a +0 dagger (weapon)
 q - a +2 long sword of holy wrath
Armour
 b - a +0 robe (worn)
 c - a +0 hat (worn)
 r - a +0 leather armour
Scrolls
 i - 4 scrolls of blinking
 k - a scroll of immolation
Potions
 d - 3 potions of magic
 h - 2 potions of mutation
 l - a potion of might
Miscellaneous
 f - a tin of tremorstones (2/2)


   Skills:
 + Level 8.6 Fighting
 - Level 10.0 Short Blades
 - Level 2.4 Dodging
 + Level 15.4 Stealth
 - Level 7.3 Spellcasting
 - Level 5.8 Conjurations
 - Level 1.0 Summonings
 - Level 1.0 Translocations
 - Level 6.5 Air Magic
 - Level 6.4 Poison Magic


You had 12 spell levels left.
You knew the following spells:

 Your Spells              Type           Power      Damage    Failure   Level
a - Magic Dart            Conj           100%       1d8       1%          1
b - Blink                 Tloc           20%        N/A       11%         2
c - Call Imp              Summ           10%        N/A       11%         2
d - Cigotuvi's Dreadful   Necr/Pois/Air  44%        N/A       2%          2
e - Mephitic Cloud        Conj/Pois/Air  29%        N/A       2%          3

Your spell library contained the following spells:

 Spells                   Type           Power      Damage    Failure   Level
 Freeze                   Ice            24%        1d5       11%         1
 Slow                     Hex            24%        N/A       11%         1
 Frozen Ramparts          Ice            12%        1d2       30%         3
 Hailstorm                Conj/Ice       17%        3d6       30%         4


Dungeon Overview and Level Annotations

Branches:
Dungeon (1/1)

Altars:
Cheibriados
Dithmenos
Elyvilon
Fedhas
Gozag
Hepliaklqana
Kikubaaqudgha
Makhleb
Nemelex Xobeh
Okawaru
Qazlal
Ru
Sif Muna
Trog
Uskayaw
Vehumet
Wu Jian
Xom
Yredelemnul
Zin
The Shining One
Jiyva
Lugonu

Annotations:
D Snorg


Innate Abilities, Weirdness & Mutations

You are small and have problems with some larger weapons.
You are completely attuned to the shadows.
You are partially covered in iridescent scales. (AC +2)
Your flesh is heat resistant. (rF+)


Message History

There is an open door here.
Press: ? - help, v - describe, . - travel
Here: an orc warrior, wielding a +0 flail and wearing a +0 plate armour (black smoke, silenced, severely wounded, umbra) Some shallow water.
Press: ? - help, v - describe, . - travel
Here: an orc warrior, wielding a +0 flail and wearing a +0 plate armour (black smoke, silenced, severely wounded, umbra) Some shallow water.
You feel yourself speed up.
The orc warrior barely misses your shadow imp.
Your shadow imp hits the orc warrior.
The orc warrior hits your shadow imp with a +0 short sword!
Your shadow imp dies!
Your shadow imp disappears in a puff of smoke!
The orc warrior splashes around in the water.
Press: ? - help, v - describe, . - travel
Here: an orc warrior, wielding a +0 flail and wearing a +0 plate armour (black smoke, silenced, severely wounded, umbra) Some shallow water.
The helpless earth elemental fails to defend itself.
You perforate the earth elemental like a sieve!!!!
You destroy the earth elemental!
Dithmenos accepts your kill.
Training target 10.0 for Short Blades reached!
Your Short Blades skill increases to level 10!
Okay, then.
You hit the orc warrior but do no damage.
The orc warrior is severely wounded.
You closely miss the orc warrior.
The orc warrior is severely wounded.
You are starting to lose your buoyancy.
You hit the orc warrior.
The orc warrior is almost dead.
The orc warrior closely misses you.
You hit the orc warrior but do no damage.
The orc warrior is almost dead.
You hit the orc warrior but do no damage.
The orc warrior is almost dead.
You hit the orc warrior but do no damage.
The orc warrior is almost dead.
The orc warrior hits you with a +0 flail!
You die...

..#__)#._#$$...o
#'#'###)##$..o..
.........#.oooo.
⌠........#$#oo#
..######'#$o#
⌠.#__#...#{#######
..#__#...#§o~)~'o#
###__#...#§#oo§#o#
..#__#...'.#§o§#@#
__#__+...#.#§§§#...#
▓▓▓▓▓▓▓▓▓▓▓▓▓▓▓▓▓▓▓▓


You could see 2 orc warriors.

Vanquished Creatures
  A deep elf pyromancer (D)
  An orc knight (D)
  A shadow (D)
  A spatial vortex (D)
  An orc warrior (D)
  An earth elemental (D)
  A necrophage (D)
  A water elemental (D)
  A jelly (D)
  A wizard (D)
  2 orc wizards (D)
  3 humans (D)
  A kobold demonologist (D)
  A wolf (D)
  An endoplasm (D)
  3 rats (D)
21 creatures vanquished.

Vanquished Creatures (collateral kills)
  A necromancer (D)
1 creature vanquished.

Grand Total: 22 creatures vanquished

Notes
Turn   | Place    | Note
-------+----------+-------------------------------------------
     0 | D        | jt the Kobold Hedge Wizard began the quest for the Orb.
     0 | D        | Reached XP level 1. HP: 10/10 MP: 4/4
    10 | D        | Reached skill level 3 in Stealth
    12 | D        | Reached skill level 4 in Stealth
    40 | D        | Reached skill level 5 in Stealth
    45 | D        | Noticed a wolf
    48 | D        | Killed a wolf
    49 | D        | Reached skill level 7 in Stealth
    49 | D        | Reached XP level 2. HP: 15/15 MP: 6/6
    53 | D        | Learned a level 2 spell: Call Imp
    56 | D        | Learned a level 2 spell: Blink
    59 | D        | Learned a level 2 spell: Cigotuvi's Dreadful Rot
    93 | D        | Reached skill level 9 in Stealth
    93 | D        | Reached XP level 3. HP: 3/19 MP: 1/7
   282 | D        | Gained mutation: Your flesh is heat resistant. (rF+)
                  | [potion of mutation]
   282 | D        | Gained mutation: You are partially covered in iridescent
                  | scales. (AC +2) [potion of mutation]
   358 | D        | Noticed a water elemental
   360 | D        | Killed a water elemental
   361 | D        | Reached skill level 10 in Stealth
   361 | D        | Reached XP level 4. HP: 24/24 MP: 8/10
   370 | D        | Found a shadowy altar of Dithmenos.
   370 | D        | Noticed a necrophage
   371 | D        | Noticed a necromancer
   391 | D        | Killed a necrophage
   392 | D        | Reached skill level 5 in Spellcasting
   392 | D        | Reached XP level 5. HP: 14/28 MP: 9/12
   396 | D        | Learned a level 3 spell: Mephitic Cloud
   411 | D        | Reached skill level 11 in Stealth
   411 | D        | Found a basalt altar of Yredelemnul.
   411 | D        | Found a sacrificial altar of Ru.
   506 | D        | Became a worshipper of Dithmenos the Shadowed
   512 | D        | Noticed a shadow
   514 | D        | Killed a shadow
   515 | D        | Reached XP level 6. HP: 36/36 MP: 12/14
   519 | D        | Reached skill level 12 in Stealth
   520 | D        | Found a blossoming altar of Fedhas.
   520 | D        | Found a stormy altar of Qazlal.
   520 | D        | Found a snail-covered altar of Cheibriados.
   520 | D        | Found a burning altar of Makhleb.
   520 | D        | Found a shimmering altar of Xom.
   520 | D        | Noticed a spatial vortex
   521 | D        | Found a hazy altar of Hepliaklqana.
   521 | D        | Found an opulent altar of Gozag.
   521 | D        | Found a sparkling altar of Nemelex Xobeh.
   521 | D        | Found a corrupted altar of Lugonu.
   521 | D        | Found a viscous altar of Jiyva.
   524 | D        | Killed a spatial vortex
   524 | D        | Reached * piety under Dithmenos
   525 | D        | Reached skill level 5 in Air Magic
   525 | D        | Reached skill level 5 in Poison Magic
   525 | D        | Reached XP level 7. HP: 42/42 MP: 12/16
   547 | D        | Found a radiant altar of Vehumet.
   550 | D        | Found a shimmering blue altar of Sif Muna.
   567 | D        | Found an ancient bone altar of Kikubaaqudgha.
   633 | D        | Found a glowing silver altar of Zin.
   634 | D        | Found a glowing golden altar of the Shining One.
   634 | D        | Found a white marble altar of Elyvilon.
   634 | D        | Noticed a deep elf pyromancer
   636 | D        | Killed a deep elf pyromancer
   636 | D        | Reached ** piety under Dithmenos
   637 | D        | Reached skill level 5 in Fighting
   637 | D        | Reached skill level 13 in Stealth
   637 | D        | Reached skill level 5 in Conjurations
   637 | D        | Reached XP level 8. HP: 49/49 MP: 17/19
   643 | D        | Found a hide-covered altar of Uskayaw.
   643 | D        | Found an iron altar of Okawaru.
   643 | D        | Found a bloodstained altar of Trog.
   643 | D        | Found an ornate altar of the Wu Jian Council.
   643 | D        | Noticed a human
   643 | D        | Noticed a human
   657 | D        | Killed a human
   670 | D        | Killed a human
   671 | D        | Reached skill level 14 in Stealth
   774 | D        | Noticed Snorg
   778 | D        | Noticed an orc knight
   801 | D        | Reached *** piety under Dithmenos
   816 | D        | Killed an orc knight
   817 | D        | Reached skill level 15 in Stealth
   817 | D        | Reached XP level 9. HP: 33/60 MP: 7/20
   828 | D        | Reached skill level 10 in Short Blades
   833 | D        | Slain by an orc warrior

Illustrated notes

Levels and vault maps discovered:
D:        dungeon_sprint_mu [sprint_mu_entry_cave, sprint_mu_temple_rooms,
          sprint_mu_d1_horrors, sprint_mu_d2_genie, sprint_mu_d3_branching,
          sprint_mu_orc_legion, sprint_mu_elf_gauntlet, sprint_mu_hive_nellie,
          sprint_mu_lair_fedhas, sprint_mu_vaults_butterflies,
          sprint_mu_slime_circle, sprint_mu_shoals_kraken,
          sprint_mu_snake_twists, sprint_mu_blade_basic,
          sprint_mu_crypt_fortress, sprint_mu_tomb_spiral,
          sprint_mu_vestibule_basic, sprint_mu_gehenna_hellfire,
          sprint_mu_dis_giant, sprint_mu_tartarus_statrot,
          sprint_mu_cocytus_islands, sprint_mu_zot1]

Skill      XL: |  1  2  3  4  5  6  7  8  9 |
---------------+----------------------------+-----
Stealth        | 7 9 10 11 12 13 15 | 15.4
Spellcasting   | 4 5 6 7 |  7.3
Air Magic      | 2 3 4 5 6 |  6.5
Poison Magic   | 2 3 4 5 6 |  6.4
Conjurations   | 2 4 5 |  5.8
Fighting       | 2 3 5 8 |  8.6
Short Blades   | 3 4 6 9 10 | 10.0
Dodging        | |  2.4
Summonings     | |  1.0
Translocations | |  1.0

Action                   |  1- 3 |  4- 6 |  7- 9 || total
-------------------------+-------+-------+-------++-------
Melee: Dagger            |    24 |    31 |    41 ||    96
       Punch             |       |       |     1 ||     1
 Cast: Call Imp          |     1 |     2 |     3 ||     6
       Magic Dart        |     1 |     2 |     4 ||     7
       Cigotuvi's Dreadf |     1 |       |     2 ||     3
       Mephitic Cloud    |       |       |     7 ||     7
       Blink             |       |       |     1 ||     1
  Use: Potion            |     2 |     2 |     4 ||     8
       Scroll            |       |       |     3 ||     3
 Stab: Sleeping          |     6 |     3 |     2 ||    11
       Confused          |       |       |     5 ||     5
Armor: Robe              |     1 |     7 |     2 ||    10
Dodge: Dodged            |     8 |    17 |    20 ||    45

Table legend: (Time is in decaauts)
 A = Elapsed time spent in this place.
 B = Non-inter-level travel time spent in this place.
 C = Inter-level travel time spent in this place.
 D = Time resting spent in this place.
 E = Time spent auto-exploring this place.
 F = Levels seen in this place.
 G = Mean time per level.
                   A        B        C        D        E       F      G
               +--------+--------+--------+--------+--------+-----+--------+
         Total |    821 |    821 |      0 |    462 |     19 |   1 |  821.0 |
       Dungeon |    821 |    821 |      0 |    462 |     19 |   1 |  821.0 |
               +--------+--------+--------+--------+--------+-----+--------+

Top non-repeatable levels by time:
       D: 821 daAuts
